 Dungeon Crawl Stone Soup version 0.29.1-1-gd02db6906a (webtiles) character file.

Game seed: 10437109301326735823

70 safid the Shooter (level 4, 0/29 (38) HPs)
             Began as a Minotaur Hunter on Oct 21, 2022.
             Slain by Terence
             ... wielding the +7 Throatcutter {drain, coup de grace}
              (3 damage)
             ... on level 3 of the Dungeon.
             The game lasted 00:03:37 (2165 turns).

safid the Shooter (Minotaur Hunter)                 Turns: 2165, Time: 00:03:37

HP:   0/29 (38)     AC:  5    Str: 15    XL:     4   Next: 4%
MP:   3/3           EV: 11    Int:  6    God:
Gold: 149           SH:  0    Dex: 16    Spells: 1/3 levels left

rFire   . . .      SeeInvis .   a - +0 shortbow
rCold   . . .      Faith    .   (shield currently unavailable)
rNeg    . . .      Spirit   .   f - +0 ring mail
rPois   .          Reflect  .   (helmet restricted)
rElec   .          Harm     .   (no cloak)
rCorr   .          Rampage  .   (no gloves)
Will    .....                   (no boots)
Stlth   +.........              (no amulet)
HPRegen 0.09/turn               (no ring)
MPRegen 0.08/turn               (no ring)

@: heavily drained
A: horns 2, retaliatory headbutt
a: no special abilities


You were on level 3 of the Dungeon.
You visited 1 branch of the dungeon, and saw 3 of its levels.

You collected 149 gold pieces.

Inventory:

Hand Weapons
 a - a +0 shortbow (weapon)
Armour
 f - a +0 ring mail (worn)
Scrolls
 d - 6 scrolls of identify {unknown}
 j - a scroll of poison {unknown}
 m - a scroll of blinking {unknown}
Potions
 b - a potion of haste {unknown}
 e - a potion of curing {unknown}
 g - 3 potions of brilliance {unknown}
 h - a potion of attraction {unknown}
 i - 2 potions of degeneration {unknown}
 k - a potion of lignification {unknown}
 l - a potion of mutation {unknown}


   Skills:
 - Level 3.0 Fighting
 + Level 6.0 Ranged Weapons
 - Level 2.1 Dodging
 - Level 0.7 Stealth


You had one spell level left.
You knew the following spells:

 Your Spells              Type           Power      Damage    Failure   Level
a - Blink                 Tloc           0%         N/A       83%         2

Your spell library contained the following spells:

 Spells                   Type           Power      Damage    Failure   Level
 Gell's Gravitas          Tloc           0%         N/A       96%         3
 Lesser Beckoning         Tloc           0%         N/A       96%         3
 Teleport Other           Tloc           0%         N/A       96%         3
 Manifold Assault         Tloc           0%         N/A       100%        5
 Dispersal                Tloc           0%         N/A       100%        6


Dungeon Overview and Level Annotations

Branches:
Dungeon (3/15)

Altars:

Annotations:
D:3 Terence


Innate Abilities, Weirdness & Mutations

You have a pair of horns on your head.
You reflexively headbutt those who attack you in melee.


Message History

Here: Terence, wielding the +7 Throatcutter {drain, coup de grace} and wearing a +0 ring mail (heavily wounded)
The floor.
Unknown command.
Unknown command.
Unknown command.
Unknown command.
You feel much better.
Terence hits you with the +7 Throatcutter {drain, coup de grace}!
You feel drained.
Fire: a) +0 shortbow
Press: ? - help, Q - select action Shift-Dir - straight line, f/p - Terence
Aim: Terence, wielding the +7 Throatcutter {drain, coup de grace} and wearing a +0 ring mail (heavily wounded, 68% to hit)
You shoot an arrow. The arrow barely misses Terence.
Terence completely misses you.
You feel much better.
Terence hits you with the +7 Throatcutter {drain, coup de grace}.
You feel drained.
Fire: a) +0 shortbow
Press: ? - help, Q - select action Shift-Dir - straight line, f/p - Terence
Aim: Terence, wielding the +7 Throatcutter {drain, coup de grace} and wearing a +0 ring mail (heavily wounded, 68% to hit)
You shoot an arrow. The arrow closely misses Terence.
Terence closely misses you.
Fire: a) +0 shortbow
Press: ? - help, Q - select action Shift-Dir - straight line, f/p - Terence
Aim: Terence, wielding the +7 Throatcutter {drain, coup de grace} and wearing a +0 ring mail (heavily wounded, 68% to hit)
You shoot an arrow. The arrow closely misses Terence.
Terence closely misses you.
Fire: a) +0 shortbow
Press: ? - help, Q - select action Shift-Dir - straight line, f/p - Terence
Aim: Terence, wielding the +7 Throatcutter {drain, coup de grace} and wearing a +0 ring mail (heavily wounded, 68% to hit)
You shoot an arrow.
The arrow hits Terence but does no damage.
Terence is heavily wounded.
Terence hits you with the +7 Throatcutter {drain, coup de grace}!
You feel drained.
Terence hits you with the +7 Throatcutter {drain, coup de grace}!
Ouch! That really hurt!
* * * LOW HITPOINT WARNING * * *
You feel drained.
You die...

#.... ###)#. #..... ##.#)#. ###
#..<... ..# #.##.#. #######.###
#.##### ........@.# ######.####
#@# #......>..# #.# #.....###.#
#.# #.....# #.# .## #.# #.....#
#.# ######+#.. #.# +.....# #.#
#........# #.#####....####.##
....#....#######.....(...........
....#....##.......############.##
....#....##.......# #.#


You could see Terence.

Vanquished Creatures
  3 adders
  A worm (D:2)
  A dart slug (D:1)
  2 ball pythons
  A bat (D:1)
  3 endoplasms
  3 giant cockroaches
  5 goblins
  3 hobgoblins
  4 quokkas
  2 frilled lizards
  7 kobolds
  2 rats (D:2)
37 creatures vanquished.

Notes
Turn   | Place    | Note
-------+----------+-------------------------------------------
     0 | D:1      | safid the Minotaur Hunter began the quest for the Orb.
     0 | D:1      | Reached XP level 1. HP: 18/18 MP: 0/0
    52 | D:1      | Found a faded altar of an unknown god.
   240 | D:1      | Reached XP level 2. HP: 18/26 MP: 1/1
   405 | D:1      | Reached skill level 5 in Ranged Weapons
   908 | D:2      | Reached XP level 3. HP: 22/31 MP: 2/2
  1331 | D:2      | Learned a level 2 spell: Blink
  2126 | D:3      | Reached skill level 6 in Ranged Weapons
  2126 | D:3      | Reached XP level 4. HP: 36/38 MP: 3/3
  2158 | D:3      | Noticed Terence
  2165 | D:3      | Slain by Terence

Illustrated notes

Levels and vault maps discovered:
D:1:      minmay_arrival_doors, layout_rooms, ebering_ecumenical_altar_rust,
          minmay_octomino_e4
D:2:      layout_basic
D:3:      layout_basic, pdpol_wu_jian_five_deadly_venoms, st_stairs_8,
          uniq_terence

Skill      XL: |  1  2  3 |
---------------+----------+-----
Fighting       | 3 |  3.0
Ranged Weapons | 5 6 |  6.0
Dodging        | |  2.1
Stealth        | |  0.7

Action                   |  1- 3 |  4- 6 || total
-------------------------+-------+-------++-------
 Fire: Shortbow          |   124 |     5 ||   129
  Use: Potion            |     1 |     2 ||     3
Armor: Ring mail         |    41 |       ||    41
Dodge: Dodged            |    48 |     3 ||    51
